 Dungeon Crawl Stone Soup version 0.29.1-1-gd02db6906a (webtiles) character file.

Game seed: 864885136426284816

488 juncz the Chiller (level 7, -4/51 HPs)
             Began as a Gnoll Ice Elementalist on Sept 27, 2022.
             Slain by a phantom (6 damage)
             ... on level 4 of the Dungeon.
             The game lasted 00:05:43 (3527 turns).

juncz the Chiller (Gnoll Ice Elementalist)          Turns: 3527, Time: 00:05:44

Health: -4/51      AC:  5    Str:  7    XL:     7   Next: 13%
Magic:  15/15      EV: 13    Int: 16    God:
Gold:   196        SH:  4    Dex: 13    Spells: 10/17 levels left

rFire   . . .      SeeInvis .   c - +0 dagger
rCold   . . .      Faith    .   e - +0 buckler
rNeg    . . .      Spirit   .   a - +0 robe
rPois   .          Reflect  .   g - +0 helmet
rElec   .          Harm     .   n - +0 cloak
rCorr   .          Rampage  .   (no gloves)
Will    .....                   q - +0 pair of boots
Stlth   +++.......              (no amulet)
HPRegen 0.17/turn               (no ring)
MPRegen 0.14/turn               (no ring)

@: no status effects
A: fangs 1, strong nose, distributed training
a: no special abilities


You were on level 4 of the Dungeon.
You visited 1 branch of the dungeon, and saw 4 of its levels.

You collected 196 gold pieces.

Inventory:

Hand Weapons
 c - a +0 dagger (weapon)
Missiles
 d - 60 stones (quivered)
Armour
 a - a +0 robe (worn)
 e - a +0 buckler (worn)
 g - a +0 helmet (worn)
 n - a +0 cloak (worn)
 q - a +0 pair of boots (worn)
Jewellery
 s - a ring of fire
Wands
 v - a wand of light (7)
Scrolls
 f - 2 scrolls of identify {unknown}
 k - 3 scrolls of immolation {unknown}
 l - a scroll of summoning {unknown}
 m - a scroll of enchant armour {unknown}
 u - a scroll of vulnerability {unknown}
Potions
 b - 3 potions of magic
 h - a potion of heal wounds {unknown}
 i - a potion of might {unknown}
 j - 2 potions of curing {unknown}
 o - a potion of resistance {unknown}
 p - a potion of degeneration {unknown}
 r - 2 potions of brilliance {unknown}
 t - a potion of flight {unknown}


   Skills:
 + Level 2.3 Fighting
 + Level 2.3 Short Blades
 + Level 2.3 Long Blades
 + Level 2.3 Axes
 + Level 2.3 Maces & Flails
 + Level 2.3 Polearms
 + Level 2.3 Staves
 + Level 2.3 Ranged Weapons
 + Level 2.3 Throwing
 + Level 2.3 Armour
 + Level 5.2 Dodging
 + Level 4.8 Stealth
 + Level 2.3 Shields
 + Level 2.3 Unarmed Combat
 + Level 5.5 Spellcasting
 + Level 1.9 Conjurations
 + Level 1.9 Hexes
 + Level 1.9 Summonings
 + Level 1.9 Necromancy
 + Level 1.9 Translocations
 + Level 1.9 Transmutations
 + Level 1.9 Fire Magic
 + Level 7.4 Ice Magic
 + Level 1.9 Air Magic
 + Level 1.9 Earth Magic
 + Level 1.9 Poison Magic
 + Level 2.6 Invocations
 + Level 2.3 Evocations


You had 10 spell levels left.
You knew the following spells:

 Your Spells              Type           Power      Damage    Failure   Level
a - Freeze                Ice            100%       1d11      1%          1
b - Frozen Ramparts       Ice            56%        1d9       2%          3
c - Ozocubu's Armour      Ice            28%        N/A       2%          3

Your spell library contained the following spells:

 Spells                   Type           Power      Damage    Failure   Level
 Static Discharge         Conj/Air       10%        3-5/arc   13%         2
 Hailstorm                Conj/Ice       19%        3d6       26%         4
 Dispel Undead            Necr           10%        3d9       63%         4
 Sticky Flame             Conj/Fire      10%        2d3       63%         4


Dungeon Overview and Level Annotations

Branches:
Dungeon (4/15)
 Temple: D:4-7

Altars:
Gozag
Vehumet


Innate Abilities, Weirdness & Mutations

You have very sharp teeth.
Your uncanny sense of smell can sniff out nearby items.
Your experience applies equally to all skills.


Message History

The phantom is moderately damaged.
You block the phantom's attack.
You hit the phantom but do no damage. You bite the phantom.
The phantom is moderately damaged.
The phantom closely misses you.
You closely miss the phantom.
The phantom is moderately damaged.
You closely miss the phantom.
The phantom is moderately damaged.
The phantom hits you but does no damage.
You hit the phantom.
The phantom is moderately damaged.
The phantom barely misses you.
You hit the phantom but do no damage. You bite the phantom, but do no damage.
The phantom is moderately damaged.
The phantom hits you but does no damage.
You hit the phantom but do no damage.
The phantom is moderately damaged.
The phantom barely misses you.
You hit the phantom but do no damage.
The phantom is moderately damaged.
The phantom hits you.
* * * LOW HITPOINT WARNING * * *
The phantom blinks!
You blink.
You hit the phantom but do no damage.
The phantom is moderately damaged.
The phantom misses you.
You hit the phantom but do no damage.
The phantom is moderately damaged.
You block the phantom's attack.
You miss the phantom.
The phantom is moderately damaged.
The phantom closely misses you.
You hit the phantom but do no damage. Your bite misses the phantom.
The phantom is moderately damaged.
The phantom hits you but does no damage.
You hit the phantom but do no damage. Your bite misses the phantom.
The phantom is moderately damaged.
The phantom hits you.
You die...

#. #. .# #.# .# #.# .#
#.# #'## #.# ##...## #)##
##!....##
####..######.......##
####........##..@......#
.............'.W.......+
####.##.ยง.#.##.........#
#.##...#.###.......##
#.####.#.####.....##
#.#.....!).......##
#.#.##.#..#####.##
#.........### .#
###.##).$...#


You could see a phantom.

Vanquished Creatures
  Sigmund (D:2)
  A scorpion (D:2)
  A jelly (D:4)
  2 orc wizards
  Natasha (thrice) (D:3)
  3 adders
  An ufetubus (D:4)
  2 worms
  2 dart slugs
  6 orcs
  4 endoplasms
  2 giant cockroaches
  4 goblins
  3 hobgoblins (D:1)
  6 jackals (D:1)
  4 kobolds
  3 quokkas (D:1)
  3 ball pythons
  3 bats (D:3)
  4 frilled lizards
  2 rats
60 creatures vanquished.

Notes
Turn   | Place    | Note
-------+----------+-------------------------------------------
     0 | D:1      | juncz the Gnoll Ice Elementalist began the quest for the
                  | Orb.
     0 | D:1      | Reached XP level 1. HP: 13/13 MP: 6/6
   126 | D:1      | Reached XP level 2. HP: 17/19 MP: 3/7
   187 | D:1      | Found a faded altar of an unknown god.
   492 | D:1      | Reached skill level 5 in Spellcasting
   492 | D:1      | Reached XP level 3. HP: 25/25 MP: 6/9
   506 | D:1      | Learned a level 3 spell: Frozen Ramparts
   510 | D:1      | Learned a level 3 spell: Ozocubu's Armour
   954 | D:2      | Noticed Sigmund
   961 | D:2      | Killed Sigmund
   962 | D:2      | Reached skill level 1 in Fighting
   962 | D:2      | Reached skill level 1 in Short Blades
   962 | D:2      | Reached skill level 1 in Long Blades
   962 | D:2      | Reached skill level 1 in Axes
   962 | D:2      | Reached skill level 1 in Maces & Flails
   962 | D:2      | Reached skill level 1 in Polearms
   962 | D:2      | Reached skill level 1 in Staves
   962 | D:2      | Reached skill level 1 in Ranged Weapons
   962 | D:2      | Reached skill level 1 in Throwing
   962 | D:2      | Reached skill level 1 in Armour
   962 | D:2      | Reached skill level 1 in Shields
   962 | D:2      | Reached skill level 1 in Unarmed Combat
   962 | D:2      | Reached skill level 1 in Conjurations
   962 | D:2      | Reached skill level 1 in Hexes
   962 | D:2      | Reached skill level 1 in Summonings
   962 | D:2      | Reached skill level 1 in Necromancy
   962 | D:2      | Reached skill level 1 in Translocations
   962 | D:2      | Reached skill level 1 in Transmutations
   962 | D:2      | Reached skill level 1 in Fire Magic
   962 | D:2      | Reached skill level 1 in Air Magic
   962 | D:2      | Reached skill level 1 in Earth Magic
   962 | D:2      | Reached skill level 1 in Poison Magic
   962 | D:2      | Reached skill level 1 in Invocations
   962 | D:2      | Reached skill level 1 in Evocations
   962 | D:2      | Reached XP level 4. HP: 21/33 MP: 2/11
   962 | D:2      | Reached XP level 5. HP: 24/38 MP: 2/12
  1242 | D:2      | Found a radiant altar of Vehumet.
  1718 | D:2      | Reached skill level 5 in Dodging
  1718 | D:2      | Reached XP level 6. HP: 44/44 MP: 14/14
  2177 | D:3      | Found an opulent altar of Gozag.
  2438 | D:3      | Identified the +3 ring mail of the End {rN++ Int-5}
  2551 | D:3      | Noticed Natasha
  2558 | D:3      | Killed Natasha
  2713 | D:3      | Noticed Natasha
  2717 | D:3      | Killed Natasha
  3086 | D:3      | Noticed Natasha
  3096 | D:3      | Killed Natasha
  3309 | D:4      | Reached XP level 7. HP: 50/50 MP: 10/15
  3453 | D:4      | Identified the +4 halberd "Nuklisifewk" {venom, rPois rF++
                  | rCorr Stlth+}
  3522 | D:4      | HP: 1/51 [phantom (3)]
  3527 | D:4      | Slain by a phantom

Illustrated notes

Levels and vault maps discovered:
D:1:      minmay_arrival_glassed_features, layout_basic,
          ebering_ecumenical_altar_petrified
D:2:      layout_loops_corners, basic_altar, uniq_sigmund
D:3:      layout_basic, mainiacjoe_overflow_small_starburst, uniq_natasha
D:4:      layout_loops_corners, amcnicky_altar_gilded,
          minmay_goblin_kobold_house

Skill      XL: |  1  2  3  4  5 |
---------------+----------------+-----
Spellcasting   | 5 |  5.5
Fighting       | 1 2 |  2.3
Short Blades   | 1 2 |  2.3
Long Blades    | 1 2 |  2.3
Axes           | 1 2 |  2.3
Maces & Flails | 1 2 |  2.3
Polearms       | 1 2 |  2.3
Staves         | 1 2 |  2.3
Ranged Weapons | 1 2 |  2.3
Throwing       | 1 2 |  2.3
Armour         | 1 2 |  2.3
Shields        | 1 2 |  2.3
Unarmed Combat | 1 2 |  2.3
Conjurations   | 1 |  1.9
Hexes          | 1 |  1.9
Summonings     | 1 |  1.9
Necromancy     | 1 |  1.9
Translocations | 1 |  1.9
Transmutations | 1 |  1.9
Fire Magic     | 1 |  1.9
Air Magic      | 1 |  1.9
Earth Magic    | 1 |  1.9
Poison Magic   | 1 |  1.9
Invocations    | 1 2 |  2.6
Evocations     | 1 2 |  2.3
Dodging        | 5 |  5.2
Stealth        | |  4.8
Ice Magic      | |  7.4

Action                   |  1- 3 |  4- 6 |  7- 9 || total
-------------------------+-------+-------+-------++-------
Melee: Dagger            |     5 |    20 |    42 ||    67
       Bite              |     2 |     3 |    10 ||    15
 Cast: Freeze            |    33 |    31 |     5 ||    69
       Frozen Ramparts   |     2 |     6 |     1 ||     9
 Stab: Sleeping          |     1 |     6 |       ||     7
Armor: Robe              |     4 |    10 |     8 ||    22
Dodge: Dodged            |    16 |    17 |    14 ||    47
Block: Buckler           |     4 |     2 |     6 ||    12
